 Dungeon Crawl Stone Soup version 0.31.0 (webtiles) character file.

Game seed: 17859053144603159629

525 qw the Shooter (level 7, 0/43 HPs)
             Began as a Gargoyle Hunter on Jan 20, 2024.
             Slain by a killer bee (6 damage)
             ... on level 5 of the Dungeon.
             The game lasted 00:00:19 (2960 turns).

qw the Shooter (Gargoyle Hunter)                    Turns: 2960, Time: 00:00:19

Health: 0/43       AC: 12    Str: 14    XL:     7   Next: 22%
Magic:  0/7        EV: 16    Int: 10    God:
Gold:   201        SH:  0    Dex: 15    Spells: 6/6 levels left

rFire   . . .        a - +0 shortbow (flame)
rCold   . . .        (shield currently unavailable)
rNeg    + . .        d - +0 ring mail
rPois   inf          b - +0 helmet
rElec   +            f - +0 cloak
rCorr   .            (no gloves)
SInv    .            (no boots)
Will    .....        e - amulet of guardian spirit
Stlth   +            k - +5 ring of evasion
HPRegen 0.27/turn    (no ring)
MPRegen 0.10/turn

%: guardian spirit
@: marked
A: sickness immunity, AC +4, negative energy resistance 1, electricity
resistance, torment resistance 1, petrification resistance
a: no special abilities


You were on level 5 of the Dungeon.
You visited 2 branches of the dungeon, and saw 6 of its levels.

You collected 201 gold pieces.


Innate Abilities, Weirdness & Mutations

You are immune to sickness and miasma.
Your stone body is resilient. (AC +4)
You are immune to poison.
You resist negative energy. (rN+)
You are resistant to electric shocks. (rElec)
You are resistant to unholy torment.
You are immune to petrification.


   Skills:
 - Level 4.0 Fighting
 + Level 7.6 Ranged Weapons
 - Level 2.0 Armour
 - Level 1.5 Dodging
 - Level 1.1 Stealth


You had 6 spell levels left.
You didn't know any spells.
Your spell library was empty.

Inventory:

Hand Weapons
 a - a +0 shortbow of flaming (weapon)
Armour
 b - a +0 helmet (worn)
 d - a +0 ring mail (worn)
 f - a +0 cloak (worn)
Jewellery
 e - an amulet of guardian spirit (around neck)
 k - a +5 ring of evasion (left hand)
Wands
 j - a wand of polymorph (8)
Potions
 c - a potion of haste {unknown}
 g - a potion of berserk rage {unknown}
 n - a potion of curing

Dungeon Overview and Level Annotations

Branches:
Dungeon (5/15)             Temple (1/1) D:4

Altars:
Ashenzari
Elyvilon
Fedhas
Gozag
Kikubaaqudgha
Makhleb
Qazlal
Sif Muna
Uskayaw
Vehumet
Wu Jian
Xom
Yredelemnul
Zin
The Shining One

Annotations:
D:4 2 transporters
D:5 Dowan, Duvessa


Message History

The killer bee misses you.
You shoot an arrow. The arrow hits the scorpion.
The arrow burns the scorpion.
The scorpion is severely wounded.
The hound barely misses you. The killer bee misses you.
The gnoll sergeant completely misses you.
The hound barely misses you.
The scorpion stings you but does no damage.
The killer bee stings you but does no damage.
You shoot an arrow. The arrow hits the scorpion!
The arrow burns the scorpion.
You kill the scorpion!
The killer bee stings you but does no damage.
The hound closely misses you.
Dowan points at Duvessa and mumbles some strange words.
Duvessa seems to speed up.
The gnoll sergeant barely misses you.
The killer bee stings you but does no damage.
The hound misses you. Duvessa closely misses you.
You shoot an arrow. The arrow hits Duvessa.
The arrow burns Duvessa.
Duvessa is moderately wounded.
The killer bee stings you but does no damage.
The hound bites you. The killer bee misses you.
The gnoll sergeant hits you from afar with a +0 trident.
Duvessa misses you. The hound barely misses you.
The gnoll sergeant closely misses you. The killer bee closely misses you.
You shoot an arrow. The arrow hits Duvessa.
The arrow burns Duvessa.
Duvessa is heavily wounded.
Duvessa hits you with a +0 rapier.
The killer bee stings you but does no damage.
The hound closely misses you. Duvessa hits you but does no damage.
The killer bee barely misses you.
The gnoll sergeant hits you from afar with a +0 trident!
You shoot an arrow. The arrow barely misses Duvessa.
The arrow hits the gnoll sergeant.
The arrow burns the gnoll sergeant.
The gnoll sergeant is moderately wounded.
The killer bee stings you. The hound barely misses you.
Duvessa closely misses you. The killer bee misses you. The hound misses you.
The gnoll sergeant closely misses you. Duvessa closely misses you.
You shoot an arrow. The arrow hits Duvessa.
The arrow burns Duvessa.
Duvessa is heavily wounded.
The killer bee stings you.
You die...

#. .5.. .... ####..
#?.[ ....
.....?##..h ##.....
....#.#... .#.....
......... (......
#......#####.e.....
#...g.lg......
###.##eo#..##
#..Oh@ys......
#.#l######....
#..<# ... #..### ..
#.. [.. ####


You could see Duvessa (fast), an ogre, a gnoll sergeant, Dowan, a scorpion, 2
iguanas, a hound, a killer bee and an orc.

Vanquished Creatures
  2 scorpions
  A howler monkey (D:5)
  3 hounds (D:4)
  An orc priest (D:3)
  An iguana (D:3)
  7 gnolls
  5 adders
  A shadow imp (D:5)
  An ufetubus (D:5)
  4 dart slugs
  A ribbon worm (D:2)
  10 orcs
  5 endoplasms
  2 giant cockroaches
  6 hobgoblins
  2 jackals (D:2)
  2 quokkas
  7 ball pythons
  2 bats (D:1)
  3 frilled lizards
  6 goblins
  7 kobolds
  12 rats
91 creatures vanquished.

Notes
Turn   | Place    | Note
-------+----------+-------------------------------------------
     0 | D:1      | qw the Gargoyle Hunter began the quest for the Orb.
     0 | D:1      | Reached XP level 1. HP: 12/12 MP: 1/1
     0 | D:1      | 0 ||| qw: Version: 0.3-a-132-g3d54051
     0 | D:1      | 0 ||| qw: Game counter: 463
     0 | D:1      | 0 ||| qw: Melee chars always use a shield: true
     0 | D:1      | 0 ||| qw: God list: Okawaru
     0 | D:1      | 0 ||| qw: Allow faded altars: false
     0 | D:1      | 0 ||| qw: Do Orc after clearing Dungeon:15 true
     0 | D:1      | 0 ||| qw: Do second Lair branch before Depths: true
     0 | D:1      | 0 ||| qw: Lair rune preference: random
     0 | D:1      | 0 ||| qw: Goals: Normal
     0 | D:1      | 0 ||| PLANNING D:1-11
    22 | D:1      | Found a faded altar of an unknown god.
   185 | D:1      | Reached XP level 2. HP: 17/17 MP: 2/2
   446 | D:1      | Reached XP level 3. HP: 21/21 MP: 3/3
   502 | D:1      | Reached skill level 5 in Ranged Weapons
   618 | D:1      | 618 ||| UPGRADING to +0 cloak.
   623 | D:1      | 623 ||| UPGRADING to amulet of guardian spirit.
   628 | D:1      | 628 ||| READING scroll labelled JOIRUIVIOS.
   629 | D:1      | 629 ||| READING scroll labelled HOESEM LUKEKK.
   630 | D:1      | 630 ||| DRINKING 2 bubbling purple potions.
   631 | D:1      | 631 ||| DROPPING scroll of butterflies.
   881 | D:2      | Reached skill level 3 in Fighting
  1088 | D:2      | Reached XP level 4. HP: 27/28 MP: 4/4
  1237 | D:2      | 1237 ||| RETREEEEATING.
  1239 | D:2      | 1239 ||| RETREEEEATING.
  1241 | D:2      | 1241 ||| RETREEEEATING.
  1243 | D:2      | 1243 ||| RETREEEEATING.
  1245 | D:2      | 1245 ||| RETREEEEATING.
  1257 | D:2      | HP: 4/28 [gnoll/+0 spear (8)]
  1258 | D:2      | 1258 ||| DRINKING potion of heal wounds.
  1262 | D:2      | 1262 ||| FLEEEEING.
  1263 | D:2      | 1263 ||| FLEEEEING.
  1264 | D:2      | 1264 ||| FLEEEEING.
  1265 | D:2      | 1265 ||| FLEEEEING.
  1266 | D:2      | 1266 ||| FLEEEEING.
  1267 | D:2      | 1267 ||| FLEEEEING.
  1268 | D:2      | 1268 ||| FLEEEEING.
  1269 | D:2      | 1269 ||| FLEEEEING.
  1270 | D:2      | 1270 ||| FLEEEEING.
  1271 | D:2      | 1271 ||| FLEEEEING.
  1272 | D:2      | 1272 ||| FLEEEEING.
  1273 | D:2      | 1273 ||| FLEEEEING.
  1274 | D:2      | 1274 ||| FLEEEEING.
  1275 | D:2      | 1275 ||| FLEEEEING.
  1276 | D:2      | 1276 ||| FLEEEEING.
  1277 | D:2      | 1277 ||| FLEEEEING.
  1278 | D:2      | 1278 ||| FLEEEEING.
  1279 | D:2      | 1279 ||| FLEEEEING.
  1280 | D:2      | 1280 ||| FLEEEEING.
  1281 | D:2      | 1281 ||| FLEEEEING.
  1282 | D:2      | 1282 ||| FLEEEEING.
  1283 | D:2      | 1283 ||| FLEEEEING.
  1300 | D:2      | 1300 ||| FLEEEEING.
  1435 | D:2      | 1435 ||| UPGRADING to +0 helmet.
  1440 | D:2      | 1440 ||| UPGRADING to +0 ring mail.
  1450 | D:2      | 1450 ||| DROPPING +0 leather armour.
  1451 | D:2      | 1451 ||| UPGRADING to +5 ring of evasion.
  1452 | D:2      | 1452 ||| READING scroll labelled KESHRI UBURPH.
  1453 | D:2      | 1453 ||| READING scroll labelled MEVAYM QUMOSUY.
  1454 | D:2      | 1454 ||| READING scroll labelled BYKLIG RASY.
  1455 | D:2      | 1455 ||| FLEEEEING.
  1519 | D:3      | Reached skill level 1 in Armour
  1549 | D:3      | Reached XP level 5. HP: 32/32 MP: 5/5
  1728 | D:3      | Reached skill level 6 in Ranged Weapons
  1728 | D:3      | 1728 ||| FLEEEEING.
  1743 | D:3      | 1743 ||| FLEEEEING.
  1885 | D:3      | 1885 ||| FLEEEEING.
  1905 | D:3      | 1905 ||| FLEEEEING.
  2155 | D:3      | 2155 ||| READING scroll labelled UJUMIDILOR.
  2155 | D:3      | 2155 ||| IDENTIFYING metallic black potion
  2156 | D:3      | 2156 ||| READING scroll labelled RAPAHE JERYT.
  2156 | D:3      | 2156 ||| BRANDING +0 shortbow.
  2157 | D:3      | 2157 ||| DROPPING potion of degeneration.
  2266 | D:4      | Found a transporter.
  2288 | D:4      | Reached XP level 6. HP: 30/38 MP: 4/6
  2288 | D:4      | 2288 ||| FLEEEEING.
  2302 | D:4      | 2302 ||| FLEEEEING.
  2374 | D:4      | Found a staircase to the Ecumenical Temple.
  2375 | D:4      | 2375 ||| PLANNING TEMPLE
  2375 | D:4      | 2375 ||| READING scroll of identify.
  2375 | D:4      | 2375 ||| IDENTIFYING fizzy orange potion
  2376 | D:4      | 2376 ||| READING scroll labelled GIONEH BOUT.
  2477 | D:4      | 2477 ||| DRINKING 2 lumpy green potions.
  2478 | D:4      | 2478 ||| DRINKING inky potion.
  2479 | D:4      | 2479 ||| DRINKING 2 pink potions.
  2480 | D:4      | 2480 ||| DROPPING potion of ambrosia.
  2481 | D:4      | 2481 ||| DROPPING potion of lignification.
  2490 | Temple   | Entered the Ecumenical Temple
  2491 | Temple   | 2491 ||| PLANNING D:1-11
  2602 | D:4      | Reached skill level 7 in Ranged Weapons
  2652 | D:4      | Found a shimmering blue altar of Sif Muna.
  2819 | D:4      | Found a transporter.
  2910 | D:5      | Entered Level 5 of the Dungeon
  2919 | D:5      | 2919 ||| RETREEEEATING.
  2929 | D:5      | 2929 ||| RETREEEEATING.
  2930 | D:5      | 2930 ||| RETREEEEATING.
  2933 | D:5      | 2933 ||| RETREEEEATING.
  2936 | D:5      | Noticed Dowan
  2937 | D:5      | 2937 ||| RETREEEEATING.
  2938 | D:5      | 2938 ||| RETREEEEATING.
  2939 | D:5      | 2939 ||| RETREEEEATING.
  2939 | D:5      | Noticed Duvessa
  2940 | D:5      | 2940 ||| RETREEEEATING.
  2941 | D:5      | 2941 ||| RETREEEEATING.
  2944 | D:5      | Reached XP level 7. HP: 28/43 MP: 3/7
  2952 | D:5      | HP: 9/43 [hound (2)]
  2953 | D:5      | 2953 ||| DRINKING potion of heal wounds.
  2958 | D:5      | HP: 6/43 [gnoll sergeant/+0 trident (9)]
  2960 | D:5      | Slain by a killer bee

Levels and vault maps discovered:
D:1:      dpeg_arrival_ratfight, layout_loops_cross,
          shapermc_ecumenical_altar_venn
D:2:      layout_basic
D:3:      layout_basic
D:4:      gammafunk_cloud_chamber, layout_cave_pools, lemuel_blue_sif_altar,
          minmay_temple_entry_antechambers, dreamdust_gnoll_farm
D:5:      layout_rooms, cheibriados_altar_1, nicolae_overflow_crystal_walls,
          grunt_decor_mini_mirrors, chequers_serial_rivers_small_a,
          hangedman_feature_mirror, minmay_misc_feat_pillars, minmay_circle_x,
          uniq_duvessa
Temple:   nicolae_temple_bog_church

Skill      XL: |  1  2  3  4  5  6 |
---------------+-------------------+-----
Ranged Weapons | 5 6 7 |  7.6
Fighting       | 3 4 |  4.0
Armour         | 1 2 |  2.0
Dodging        | |  1.5
Stealth        | |  1.1

Action                     |  1- 3 |  4- 6 |  7- 9 || total
---------------------------+-------+-------+-------++-------
   Fire: Shortbow          |    89 |   188 |    16 ||   293
    Use: Scroll            |     2 |     7 |       ||     9
         Potion            |     1 |     4 |     1 ||     6
 Armour: Leather armour    |    11 |    21 |       ||    32
         Ring mail         |       |    45 |    38 ||    83
  Dodge: Dodged            |    12 |    90 |    57 ||   159

Table legend:
 A = Non-vault XP
 B = Vault XP
 C = Vault XP percentage of total XP
 D = Non-vault monster count
 E = Vault monster count
 F = Vault count percentage of total count
                 A         B        C        D         E       F
            +---------+---------+-------+---------+---------+-------
      Total |     524 |     226 |  30.1 |      77 |      14 |  15.4
            +---------+---------+-------+---------+---------+-------
        D:1 |      35 |       5 |  12.5 |      18 |       5 |  21.7
        D:2 |     116 |       0 |   0.0 |      24 |       0 |   0.0
        D:3 |     123 |       0 |   0.0 |      21 |       0 |   0.0
        D:4 |     157 |     131 |  45.5 |      12 |       5 |  29.4
        D:5 |      93 |      90 |  49.2 |       2 |       4 |  66.7
            +---------+---------+-------+---------+---------+-------
